 Dungeon Crawl Stone Soup version 0.30-a0-715-gdb4ae3ece1 (webtiles) character file.

Game seed: 16399035879279317363

256 M4edhros the Insei (level 6, -3/38 HPs)
             Began as an Octopode Artificer on Jan 24, 2023.
             Slain by an iguana (14 damage)
             ... on level 5 of the Dungeon.
             The game lasted 00:02:04 (1392 turns).

M4edhros the Insei (Octopode Artificer)             Turns: 1392, Time: 00:02:04

Health: -3/38      AC:  1    Str: 11    XL:     6   Next: 16%
Magic:  6/6        EV: 13    Int: 14    God:
Gold:   73         SH:  0    Dex: 14    Spells: 5/5 levels left

rFire   . . .      SeeInvis .      - Unarmed
rCold   . . .      Faith    .    (no shield)
rNeg    . . .      Spirit   .    (helmet restricted)
rPois   .          Reflect  .    a - amulet of the acrobat
rElec   .          Harm     .    (no ring)
rCorr   .          Rampage  .    (no ring)
Will    .....                    (no ring)
Stlth   +++                      (no ring)
HPRegen 0.26/turn                (no ring)
MPRegen 0.10/turn                (no ring)
                                 (no ring)
                                 (no ring)

@: no status effects
A: almost no armour, amphibious, 8 rings, camouflage 1, gelatinous body 1,
(nimble swimmer 1), tentacles
a: no special abilities


You were on level 5 of the Dungeon.
You visited 1 branch of the dungeon, and saw 4 of its levels.

You collected 73 gold pieces.

Inventory:

Jewellery
 a - an amulet of the acrobat (around mantle)
 g - a ring of fire
Wands
 b - a wand of flame (10) (quivered)
 c - a wand of charming (12)
 d - a wand of iceblast (5)
 k - a wand of roots (10)
Scrolls
 e - 2 scrolls of teleportation {unknown}
 f - a scroll of amnesia {unknown}
 i - a scroll of fear {unknown}
 j - a scroll of immolation {unknown}
 l - a scroll of noise {unknown}
Potions
 h - a potion of curing {unknown}
 m - a potion of heal wounds {unknown}


   Skills:
 - Level 1.0 Fighting
 - Level 2.3 Dodging
 - Level 1.3 Stealth
 + Level 5.8 Unarmed Combat
 - Level 3.2 Evocations


You had 5 spell levels left.
You didn't know any spells.
Your spell library contained the following spells:

 Spells                   Type           Power      Damage    Failure   Level
 Slow                     Hex            0%         N/A       28%         1
 Confusing Touch          Hex            0%         N/A       65%         3
 Vampiric Draining        Necr           0%         2d6       65%         3


Dungeon Overview and Level Annotations

Branches:
Dungeon (5/15)
 Temple: D:4-7

Altars:
Dithmenos


Innate Abilities, Weirdness & Mutations

You cannot wear most types of armour.
You are amphibious.
You can wear up to eight rings at the same time.
Your skin changes colour to match your surroundings (Stealth+).
Your rubbery body absorbs attacks. (AC +1, EV +1)
((You are camouflaged when in or above water. (Stealth+)))
You have tentacles for arms and can constrict up to eight enemies at once.


Message History

There is an open door here.
There is a stone staircase leading down here.
You climb downwards.
There is a stone staircase leading up here.
A worm is nearby!
A worm is nearby!
A worm is nearby!
A worm is nearby!
An iguana comes into view.
The iguana hisses angrily.
An ogre comes into view. It is wielding a +0 giant spiked club.
You barely miss the worm.
The ogre shouts!
You grab the worm. You constrict the worm. The worm bites you.
You tentacle-slap the worm. x2; You squeeze the worm!
The worm is severely wounded.
You constrict the worm. You tentacle-slap the worm.
The worm is almost dead.
You constrict the worm.
You kill the worm!
The iguana misses you.
You tentacle-slap the iguana but do no damage.
You grab the iguana. You squeeze the iguana.
The iguana is moderately wounded.
You constrict the iguana. The iguana bites you!
You tentacle-slap the iguana.
The iguana is heavily wounded.
You constrict the iguana. The ogre barely misses you. The iguana bites you.
You tentacle-slap the iguana.
The iguana is severely wounded.
You constrict the iguana. The iguana bites you!
* * * LOW HITPOINT WARNING * * *
You are too injured to fight recklessly!
You are too injured to fight recklessly!
Aiming: Charm
Press: ? - help, Shift-Dir - straight line, f - ogre
Aim: an ogre, wielding a +0 giant spiked club (chance to affect: 57%)
The ogre is charmed.
You constrict the iguana. The iguana bites you!
You die...

#...# #...#
##...##
#.....###
#.......
#.....###.#
#†..O....#
#.@l###.####
##..........
#...<.#.##.
#..#..##
#.........
####.######
#. .. .


You could see an iguana and a friendly ogre (charmed).

Vanquished Creatures
  Grinder (D:4)
  Robin (D:2)
  2 adders (D:2)
  2 worms
  5 ball pythons
  2 hobgoblins
  4 kobolds
  A quokka (D:2)
  A frilled lizard (D:2)
  10 goblins
  A rat (D:1)
30 creatures vanquished.

Vanquished Creatures (collateral kills)
  An adder (D:2)
  A goblin (D:2)
2 creatures vanquished.

Vanquished Creatures (others)
  A goblin (D:2)
1 creature vanquished.

Grand Total: 33 creatures vanquished

Notes
Turn   | Place    | Note
-------+----------+-------------------------------------------
     0 | D:1      | M4edhros the Octopode Artificer began the quest for the
                  | Orb.
     0 | D:1      | Reached XP level 1. HP: 13/13 MP: 1/1
   117 | D:1      | Reached skill level 1 in Unarmed Combat
   208 | D:2      | Noticed Robin
   218 | D:1      | Reached XP level 2. HP: 4/18 MP: 2/2
   348 | D:2      | Reached skill level 2 in Unarmed Combat
   365 | D:2      | Reached XP level 3. HP: 9/23 MP: 3/3
   437 | D:2      | Reached skill level 3 in Unarmed Combat
   445 | D:2      | Killed Robin
   571 | D:2      | Reached XP level 4. HP: 28/28 MP: 4/4
   571 | D:2      | You fall into a shaft and drop 2 floors!
   641 | D:4      | Found a shadowy altar of Dithmenos.
   980 | D:4      | Noticed Grinder
   987 | D:4      | Paralysed by Grinder for 2 turns
   991 | D:4      | Killed Grinder
   992 | D:4      | Reached skill level 5 in Unarmed Combat
   992 | D:4      | Reached XP level 5. HP: 18/33 MP: 5/5
   992 | D:4      | Reached XP level 6. HP: 21/38 MP: 6/6
  1381 | D:5      | Entered Level 5 of the Dungeon
  1392 | D:5      | Slain by an iguana

Illustrated notes

Levels and vault maps discovered:
D:1:      mushboom_english_gardens, layout_basic
D:2:      layout_rooms, shapermc_ecumenical_altar_petra, serial_bayou_pond_b,
          minmay_close_crescents, uniq_robin, uniq_jessica
D:4:      layout_gridville, mainiacjoe_overflow_24_doors, grunt_decor_junction,
          uniq_grinder
D:5:      layout_loops_cross, lemuel_temple_firewalk_b, uniq_crazy_yiuf_cottage

Skill      XL: |  1  2  3  4 |
---------------+-------------+-----
Unarmed Combat | 1 2 3 5 |  5.8
Fighting       | |  1.0
Dodging        | |  2.3
Stealth        | |  1.3
Evocations     | |  3.2

Action                     |  1- 3 |  4- 6 || total
---------------------------+-------+-------++-------
  Melee: Unarmed           |    54 |    15 ||    69
         Constrict         |    18 |     5 ||    23
         Tentacles         |    13 |     3 ||    16
         Punch             |     1 |     1 ||     2
  Evoke: Wand              |     4 |     4 ||     8
   Stab: Sleeping          |     1 |     1 ||     2
 Armour: Skin              |     2 |       ||     2
  Dodge: Dodged            |    41 |     8 ||    49

Table legend: (Time is in decaauts)
 A = Elapsed time spent in this place.
 B = Non-inter-level travel time spent in this place.
 C = Inter-level travel time spent in this place.
 D = Time resting spent in this place.
 E = Time spent auto-exploring this place.
 F = Levels seen in this place.
 G = Mean time per level.
                   A        B        C        D        E       F      G
               +--------+--------+--------+--------+--------+-----+--------+
         Total |   1387 |   1330 |     57 |    134 |    966 |   4 |  346.8 |
       Dungeon |   1387 |   1330 |     57 |    134 |    966 |   4 |  346.8 |
               +--------+--------+--------+--------+--------+-----+--------+

Top non-repeatable levels by time:
     D:4: 809 daAuts
     D:1: 287 daAuts
     D:2: 281 daAuts
     D:5: 10 daAuts
